Minnesota North Stars vs Philadelphia Flyers
Created - Thursday, March 20, 2025 at 08:16
Goals
|
| Minnesota North Stars |
0 |
2 |
1 |
0 |
1 |
4 |
| Philadelphia Flyers |
0 |
2 |
1 |
0 |
0 |
3 |
|
Shots
|
| Minnesota North Stars |
7 |
18 |
12 |
1 |
3 |
38 |
| Philadelphia Flyers |
5 |
12 |
23 |
2 |
3 |
42 |
|
1st period
No Goal
Penalties :
No Penalty
2nd period
1. Philadelphia Flyers , Casey Cizikas 5 (Jeff Skinner 14, Cody Glass 9) at 0:06
2. Minnesota North Stars , Jack Hughes 13 (Evgeni Malkin 14, Jonathan Marchessault 15) at 17:15
3. Philadelphia Flyers , Radek Faksa 8 (Brandon Duhaime 2, William Borgen 8) at 17:23
4. Minnesota North Stars , Valeri Nichushkin 26 (Frank Vatrano 21) at 19:17 (PP)
Penalties :
Juuso Parssinen (PHI) for Tripping (Minor) at 5:57, Neal Pionk (MNS) for Hooking (Minor) at 9:33, Brett Murray (PHI) for High sticking (Double Minor) at 17:53
3rd period
5. Philadelphia Flyers , Chase De Leo 1 (Brett Murray 4, Trevor van Riemsdyk 6) at 7:06
6. Minnesota North Stars , Evgeni Malkin 12 (Jack Hughes 32, Jonas Brodin 5) at 13:07
Penalties :
Brett Murray (PHI) for Cross-checking (Minor) at 17:37
Overtime #1
No Goal
Penalties :
No Penalty
Shootout
Minnesota North Stars, Valeri Nichushkin - Stopped by Jake Allen
Philadelphia Flyers, Casey Cizikas - Shot Misses the Net
Minnesota North Stars, William Karlsson - Goal!
Philadelphia Flyers, Cody Glass - Stopped by Logan Thompson
Minnesota North Stars, Evgeni Malkin - Stopped by Jake Allen
Philadelphia Flyers, Jeff Skinner - Stopped by Logan Thompson
Penalties :
No Penalty
Goalie Stats
Logan Thompson (MNS), 39 saves from 42 shots - (0.929), W, 13-7-5, 65:00 minutes
Jake Allen (PHI), 35 saves from 38 shots - (0.921), OTL, 1-4-2, 65:00 minutes
Players Stats for Minnesota North Stars
Player Name G A P +/- PIM S H SB GA TA FO MP PP MP PK MP
------------------------------------------------------------------------------------
Alexander Kerfoot 0 0 0 0 0 0 0 0 0 1 0/1 15:23 0:00 1:03
Brock Nelson 0 0 0 0 0 5 0 0 0 1 7/14 15:20 0:20 0:00
Dylan DeMelo 0 0 0 2 0 1 0 1 0 1 0/0 18:26 0:00 1:03
Erik Cernak 0 0 0 0 0 1 1 0 0 1 0/0 19:46 0:00 1:03
Evan Rodrigues 0 0 0 0 0 1 1 0 0 0 4/7 9:04 0:00 0:00
Evgeni Malkin 1 1 2 1 0 5 2 0 0 0 12/18 20:35 4:21 0:00
Frank Vatrano 0 1 1 -2 0 0 0 1 1 0 1/2 18:41 4:21 0:00
Gustav Forsling 0 0 0 0 0 2 0 0 0 1 0/0 23:26 3:46 0:56
Ivan Barbashev 0 0 0 0 0 1 1 0 0 0 0/0 9:09 0:00 0:00
Jack Hughes 1 1 2 1 0 6 0 0 0 1 0/0 18:12 3:00 0:00
Jonas Brodin 0 1 1 2 0 0 0 0 0 0 0/0 21:56 3:46 0:56
Jonathan Marchessault 0 1 1 1 0 1 3 1 0 0 0/1 16:28 3:00 0:00
Lawson Crouse 0 0 0 0 0 1 0 0 0 2 0/0 10:15 0:00 0:56
Neal Pionk 0 0 0 -3 2 1 1 3 0 1 0/0 22:38 3:35 0:00
Rasmus Dahlin 0 0 0 -3 0 4 4 2 1 2 0/0 22:31 3:35 0:00
Ryan Nugent-Hopkins 0 0 0 0 0 0 0 0 1 0 2/5 19:18 2:40 1:03
Valeri Nichushkin 1 0 1 -2 0 7 2 1 0 0 0/0 20:37 4:21 0:00
William Karlsson 0 0 0 -2 0 2 0 0 0 0 9/15 16:15 0:00 0:56
Players Stats for Philadelphia Flyers
Player Name G A P +/- PIM S H SB GA TA FO MP PP MP PK MP
------------------------------------------------------------------------------------
Brandon Duhaime 0 1 1 1 0 4 2 0 0 0 1/1 12:45 0:00 0:00
Brett Murray 0 1 1 0 6 3 1 0 2 0 0/1 13:37 0:00 0:00
Casey Cizikas 1 0 1 0 0 2 1 1 1 0 4/12 19:03 0:43 2:54
Chase De Leo 1 0 1 0 0 5 2 0 1 0 4/7 12:54 0:06 0:00
Cody Glass 0 1 1 0 0 1 2 0 0 0 1/1 13:18 0:43 0:00
Fredrik Olofsson 0 0 0 0 0 5 1 0 0 0 0/1 14:27 0:06 0:34
Jack McBain 0 0 0 0 0 4 0 0 1 0 8/18 18:46 1:10 3:53
Jeff Skinner 0 1 1 0 0 2 0 0 1 1 1/3 15:14 1:10 0:00
Joel Edmundson 0 0 0 0 0 1 2 2 1 0 0/0 18:50 0:00 0:00
Joshua Brown 0 0 0 -1 0 3 2 3 0 0 0/0 19:50 0:00 3:37
Juuso Parssinen 0 0 0 0 2 0 2 1 0 0 1/1 15:38 1:10 0:00
Luke Glendening 0 0 0 1 0 1 1 0 1 0 0/0 17:07 0:06 3:53
Marcus Johansson 0 0 0 0 0 6 1 1 0 0 0/0 13:07 0:43 0:10
Radek Faksa 1 0 1 1 0 3 3 0 1 0 8/18 17:40 0:00 3:18
Trevor van Riemsdyk 0 1 1 2 0 0 0 1 0 1 0/0 24:33 0:34 3:37
Vladislav Gavrikov 0 0 0 2 0 1 0 2 1 1 0/0 25:08 1:25 3:44
William Borgen 0 1 1 0 0 1 2 4 0 0 0/0 24:31 1:25 3:44
Zac Jones 0 0 0 -1 0 0 0 0 1 0 0/0 16:08 0:34 0:00
3 Stars
1 - Evgeni Malkin (MNS)
2 - Jack Hughes (MNS)
3 - Radek Faksa (PHI)
Power Play
Minnesota North Stars - 1 on 4 Attempt(s) - 25.00%
Philadelphia Flyers - 0 on 1 Attempt(s) - 0.00%
Penalty Kill
Minnesota North Stars - 1 on 1 Attempt(s) - 100.00%
- Score 0 goal in Penalty Kill
Philadelphia Flyers - 3 on 4 Attempt(s) - 75.00%
- Score 0 goal in Penalty Kill
Team Stat
Minnesota North Stars - Hits : 15 - Faceoff Wins : 35 - Blocked Shots : 9 - Penalty Minutes : 2
Philadelphia Flyers - Hits : 22 - Faceoff Wins : 28 - Blocked Shots : 15 - Penalty Minutes : 8
Official
Referees : Jon Mcisaac and Dan O'Rourke
Linesman : Ryan Jackson and David Brisebois
Game Notes
No Game Note
Finance
Level 1 -- Attendance: 5938 (98.97%) -- Ticket Income $540,358
Level 2 -- Attendance: 5000 (100.00%) -- Ticket Income $260,000
Level 3 -- Attendance: 2927 (97.57%) -- Ticket Income $81,956
Level 4 -- Attendance: 4558 (91.16%) -- Ticket Income $82,044
Luxury Box -- Attendance: 901 (90.10%) -- Ticket Income $171,190
Game was played at the Wells Fargo Center.
Total Attendance: 19324 (96.62%)
Total Ticket Income: $1,135,548
Other Income: $397,442
Total Income: $1,532,990
Minnesota North Stars
5 vs 5 Forward
Center Left Wing Right Wing Time % Phy DF OF
1 William Karlsson Valeri Nichushkin Frank Vatrano 29 0 2 3
2 Evgeni Malkin Jack Hughes Jonathan Marchessault 28 0 2 3
3 Brock Nelson Ryan Nugent-Hopkins Alexander Kerfoot 28 0 2 3
4 Evan Rodrigues Lawson Crouse Ivan Barbashev 15 0 2 3
5 vs 5 Defense
Defense Defense Time % Phy DF OF
1 Rasmus Dahlin Neal Pionk 34 0 3 2
2 Gustav Forsling Erik Cernak 33 0 3 2
3 Jonas Brodin Dylan DeMelo 33 0 3 2
4 Rasmus Dahlin Neal Pionk 0 1 2 2
PowerPlay Forward
Center Left Wing Right Wing Time % Phy DF OF
1 Evgeni Malkin Valeri Nichushkin Frank Vatrano 50 0 0 5
2 Ryan Nugent-Hopkins Jack Hughes Jonathan Marchessault 50 0 0 5
PowerPlay Defense
Defense Defense Time % Phy DF OF
1 Rasmus Dahlin Neal Pionk 50 0 2 3
2 Gustav Forsling Jonas Brodin 50 0 2 3
Penalty Kill 4 Players Forward
Center Wing Time % Phy DF OF
1 William Karlsson Lawson Crouse 50 0 5 0
2 Alexander Kerfoot Ryan Nugent-Hopkins 50 0 5 0
Penalty Kill 4 Players Defense
Defense Defense Time % Phy DF OF
1 Erik Cernak Dylan DeMelo 50 0 5 0
2 Jonas Brodin Gustav Forsling 50 0 5 0
Penalty Kill - 3 Players Forward
Forward Time % Phy DF OF
1 William Karlsson 50 0 5 0
2 Alexander Kerfoot 50 0 5 0
Penalty Kill - 3 Players Defense
Defense Defense Time % Phy DF OF
1 Dylan DeMelo Neal Pionk 50 0 5 0
2 Jonas Brodin Erik Cernak 50 0 5 0
4 vs 4 Forward
Center Wing Time % Phy DF OF
1 William Karlsson Valeri Nichushkin 50 0 2 3
2 Evgeni Malkin Jack Hughes 50 0 2 3
4 vs 4 Defense
Defense Defense Time % Phy DF OF
1 Rasmus Dahlin Neal Pionk 50 1 2 2
2 Gustav Forsling Erik Cernak 50 0 3 2
Last Minutes Offensive
Center Left Wing Right Wing Defense Defense
William Karlsson Valeri Nichushkin Frank Vatrano Rasmus Dahlin Neal Pionk
Last Minutes Defensive
Center Left Wing Right Wing Defense Defense
William Karlsson Lawson Crouse Frank Vatrano Erik Cernak Gustav Forsling
Goaltenders
Starting : Logan Thompson
Backup : Charlie Lindgren
Extra Forwards
Normal : Brock Nelson, Ryan Nugent-Hopkins, Alexander Kerfoot - PP : Brock Nelson, Ryan Nugent-Hopkins - PK : Alexander Kerfoot
Extra Defensemen
Normal : Jonas Brodin, Dylan DeMelo, Gustav Forsling - PP : Jonas Brodin - PK : Dylan DeMelo, Gustav Forsling
Penalty Shots
Valeri Nichushkin, William Karlsson, Evgeni Malkin, Jack Hughes, Brock Nelson
Scratches
Michael Rasmussen (Healthy), Cam York (Healthy), Matt Roy (Healthy)
Philadelphia Flyers
5 vs 5 Forward
Center Left Wing Right Wing Time % Phy DF OF
1 Casey Cizikas Jeff Skinner Cody Glass 25 0 1 4
2 Jack McBain Juuso Parssinen Marcus Johansson 25 0 2 3
3 Radek Faksa Luke Glendening Brandon Duhaime 25 0 1 4
4 Chase De Leo Brett Murray Fredrik Olofsson 25 0 2 3
5 vs 5 Defense
Defense Defense Time % Phy DF OF
1 Vladislav Gavrikov Trevor van Riemsdyk 35 0 2 3
2 William Borgen Joel Edmundson 35 0 2 3
3 Zac Jones Joshua Brown 30 0 2 3
4 Vladislav Gavrikov William Borgen 0 1 2 2
PowerPlay Forward
Center Left Wing Right Wing Time % Phy DF OF
1 Jack McBain Jeff Skinner Juuso Parssinen 50 0 0 5
2 Casey Cizikas Cody Glass Marcus Johansson 50 0 0 5
PowerPlay Defense
Defense Defense Time % Phy DF OF
1 William Borgen Vladislav Gavrikov 50 0 1 4
2 Zac Jones Trevor van Riemsdyk 50 0 1 4
Penalty Kill 4 Players Forward
Center Wing Time % Phy DF OF
1 Casey Cizikas Radek Faksa 50 0 5 0
2 Jack McBain Luke Glendening 50 0 5 0
Penalty Kill 4 Players Defense
Defense Defense Time % Phy DF OF
1 Vladislav Gavrikov William Borgen 50 0 5 0
2 Trevor van Riemsdyk Joshua Brown 50 0 5 0
Penalty Kill - 3 Players Forward
Forward Time % Phy DF OF
1 Casey Cizikas 50 0 5 0
2 Radek Faksa 50 0 5 0
Penalty Kill - 3 Players Defense
Defense Defense Time % Phy DF OF
1 Vladislav Gavrikov William Borgen 50 0 5 0
2 Trevor van Riemsdyk Joshua Brown 50 0 5 0
4 vs 4 Forward
Center Wing Time % Phy DF OF
1 Jeff Skinner Casey Cizikas 50 0 1 4
2 Jack McBain Juuso Parssinen 50 0 1 4
4 vs 4 Defense
Defense Defense Time % Phy DF OF
1 Vladislav Gavrikov William Borgen 50 0 2 3
2 Trevor van Riemsdyk Joel Edmundson 50 0 2 3
Last Minutes Offensive
Center Left Wing Right Wing Defense Defense
Casey Cizikas Jeff Skinner Jack McBain Vladislav Gavrikov William Borgen
Last Minutes Defensive
Center Left Wing Right Wing Defense Defense
Casey Cizikas Radek Faksa Jack McBain Vladislav Gavrikov William Borgen
Goaltenders
Starting : Jake Allen
Backup : Connor Ingram
Extra Forwards
Normal : Jack McBain, Jeff Skinner, Cody Glass - PP : Jack McBain, Jeff Skinner - PK : Jack McBain
Extra Defensemen
Normal : Vladislav Gavrikov, William Borgen, Trevor van Riemsdyk - PP : Vladislav Gavrikov - PK : Vladislav Gavrikov, William Borgen
Penalty Shots
Casey Cizikas, Cody Glass, Jeff Skinner, Juuso Parssinen, Jack McBain
Scratches
Sean Kuraly (Healthy), Charles Hudon (Healthy), Jacob MacDonald (Healthy)
% Time on Ice - Minnesota North Stars
Lines # - Real PCT - Wanted PCT - Time Play
Normal Forward
1 - 29% - 29% - 14:40
2 - 27% - 28% - 13:39
3 - 26% - 28% - 13:22
4 - 18% - 15% - 8:59
Normal Defense
1 - 34% - 34% - 17:23
2 - 33% - 33% - 16:29
3 - 32% - 33% - 16:13
4 - 1% - 0% - 0:35
PP Forward
1 - 59% - 50% - 4:21
2 - 41% - 50% - 3:00
PP Defense
1 - 49% - 50% - 3:35
2 - 51% - 50% - 3:46
PK Forward
1 - 47% - 50% - 0:56
2 - 53% - 50% - 1:03
PK Defense
1 - 53% - 50% - 1:03
2 - 47% - 50% - 0:56
PK3 Forward
1 - 0% - 50%
2 - 0% - 50%
PK3 Defense
1 - 0% - 50%
2 - 0% - 50%
44 Forward
1 - 41% - 50% - 2:04
2 - 59% - 50% - 2:56
44 Defense
1 - 58% - 50% - 2:54
2 - 42% - 50% - 2:06
Last Minute Offensive - 0:00
Last Minute Defensive - 0:00
Total
Forward - 65:00
Defense - 65:00
|
% Time on Ice - Philadelphia Flyers
Lines # - Real PCT - Wanted PCT - Time Play
Normal Forward
1 - 25% - 25% - 12:42
2 - 25% - 25% - 12:29
3 - 25% - 25% - 12:53
4 - 25% - 25% - 12:36
Normal Defense
1 - 34% - 35% - 17:17
2 - 35% - 35% - 17:34
3 - 31% - 30% - 15:37
4 - 0% - 0% - 0:12
PP Forward
1 - 59% - 50% - 1:10
2 - 41% - 50% - 0:49
PP Defense
1 - 71% - 50% - 1:25
2 - 29% - 50% - 0:34
PK Forward
1 - 47% - 50% - 3:28
2 - 53% - 50% - 3:53
PK Defense
1 - 51% - 50% - 3:44
2 - 49% - 50% - 3:37
PK3 Forward
1 - 0% - 50%
2 - 0% - 50%
PK3 Defense
1 - 0% - 50%
2 - 0% - 50%
44 Forward
1 - 49% - 50% - 2:28
2 - 51% - 50% - 2:32
44 Defense
1 - 50% - 50% - 2:29
2 - 50% - 50% - 2:31
Last Minute Offensive - 0:00
Last Minute Defensive - 0:00
Total
Forward - 65:00
Defense - 65:00
|
Play-by-Play
1st period
0:01 of 1st period - William Karlsson wins face-off versus Casey Cizikas in neutral zone.
0:04 of 1st period - Snap shot by Frank Vatrano.
0:04 of 1st period - Deflect By Valeri Nichushkin.
0:04 of 1st period - Shot Misses the Net.
0:04 of 1st period - Puck is out of play.
0:05 of 1st period - William Karlsson wins face-off versus Casey Cizikas in Philadelphia Flyers zone.
0:31 of 1st period - Icing by Jeff Skinner.
0:32 of 1st period - Evgeni Malkin wins face-off versus Jack McBain in Philadelphia Flyers zone.
0:33 of 1st period - Wrist shot by Jack Hughes.
0:33 of 1st period - Shot Blocked by Vladislav Gavrikov.
0:35 of 1st period - Snap shot by Evgeni Malkin.
0:35 of 1st period - Shot Hit the Post.
1:05 of 1st period - Snap shot by Evgeni Malkin.
1:05 of 1st period - Shot Misses the Net.
1:19 of 1st period - Snap shot by Brett Murray.
1:19 of 1st period - Shot Misses the Net.
1:48 of 1st period - Snap shot by Brock Nelson.
1:48 of 1st period - Stopped by Jake Allen with a rebound.
1:58 of 1st period - Brock Nelson is hit by Fredrik Olofsson.
2:16 of 1st period - Snap shot by Fredrik Olofsson.
2:16 of 1st period - Stopped by Logan Thompson with a rebound.
2:22 of 1st period - Snap shot by Chase De Leo.
2:22 of 1st period - Stopped by Logan Thompson with a rebound.
2:24 of 1st period - Wrist shot by Brett Murray.
2:24 of 1st period - Stopped by Logan Thompson without a rebound.
2:25 of 1st period - Evan Rodrigues wins face-off versus Radek Faksa in Minnesota North Stars zone.
2:30 of 1st period - Snap shot by Lawson Crouse.
2:30 of 1st period - Shot Blocked by Joshua Brown.
2:40 of 1st period - Snap shot by Evan Rodrigues.
2:40 of 1st period - Stopped by Jake Allen with a rebound.
3:16 of 1st period - Snap shot by Jack Hughes.
3:16 of 1st period - Stopped by Jake Allen without a rebound.
3:17 of 1st period - Evgeni Malkin wins face-off versus Casey Cizikas in Philadelphia Flyers zone.
3:42 of 1st period - Vladislav Gavrikov is hit by Rasmus Dahlin and loses puck.
3:57 of 1st period - Wrist shot by Casey Cizikas.
3:57 of 1st period - Shot Hit the Post.
3:59 of 1st period - Slapshot by William Borgen.
3:59 of 1st period - Shot Blocked by Jonathan Marchessault.
4:35 of 1st period - Joel Edmundson is hit by Rasmus Dahlin and loses puck.
4:44 of 1st period - Snap shot by Jonathan Marchessault.
4:44 of 1st period - Shot Blocked by Joel Edmundson.
4:58 of 1st period - Slapshot by Evgeni Malkin.
4:58 of 1st period - Stopped by Jake Allen with a rebound.
5:00 of 1st period - Snap shot by Jonathan Marchessault.
5:00 of 1st period - Shot Blocked by William Borgen.
5:02 of 1st period - Snap shot by Rasmus Dahlin.
5:02 of 1st period - Stopped by Jake Allen with a rebound.
5:16 of 1st period - Slapshot by Jack Hughes.
5:16 of 1st period - Shot Misses the Net.
6:19 of 1st period - Slapshot by Jeff Skinner.
6:19 of 1st period - Stopped by Logan Thompson without a rebound.
6:20 of 1st period - William Karlsson wins face-off versus Radek Faksa in Minnesota North Stars zone.
6:33 of 1st period - Snap shot by Radek Faksa.
6:33 of 1st period - Shot Misses the Net.
6:47 of 1st period - Erik Cernak is hit by Joshua Brown and loses puck.
8:00 of 1st period - Fredrik Olofsson is hit by Evan Rodrigues.
8:38 of 1st period - William Karlsson is hit by Brett Murray and loses puck.
11:20 of 1st period - Gustav Forsling is hit by Joshua Brown and loses puck.
14:05 of 1st period - Casey Cizikas is hit by Rasmus Dahlin and loses puck.
14:26 of 1st period - Valeri Nichushkin is hit by Brandon Duhaime and loses puck.
16:20 of 1st period - Icing by Zac Jones.
16:21 of 1st period - Casey Cizikas wins face-off versus Evan Rodrigues in Philadelphia Flyers zone.
16:57 of 1st period - Snap shot by Evgeni Malkin.
16:57 of 1st period - Stopped by Jake Allen with a rebound.
18:04 of 1st period - Snap shot by Jonathan Marchessault.
18:04 of 1st period - Shot Misses the Net.
18:06 of 1st period - Backhand shot by Evgeni Malkin.
18:06 of 1st period - Shot Misses the Net.
18:08 of 1st period - Wrist shot by Jack Hughes.
18:08 of 1st period - Stopped by Jake Allen without a rebound.
18:09 of 1st period - Radek Faksa wins face-off versus William Karlsson in Philadelphia Flyers zone.
18:14 of 1st period - Dylan DeMelo is hit by Brandon Duhaime and loses puck.
19:21 of 1st period - Gustav Forsling is hit by Joel Edmundson and loses puck.
19:45 of 1st period - Slapshot by Fredrik Olofsson.
19:45 of 1st period - Stopped by Logan Thompson with a rebound.
Goals for this period are 0 for Minnesota North Stars vs 0 for Philadelphia Flyers.
Shots for this period are 7 for Minnesota North Stars vs 5 for Philadelphia Flyers.
2nd period
0:01 of 2nd period - Cody Glass wins face-off versus William Karlsson in neutral zone.
0:06 of 2nd period - Snap shot by Casey Cizikas.
0:06 of 2nd period - Goal by Casey Cizikas - Minnesota North Stars : 0 - Philadelphia Flyers : 1.
0:07 of 2nd period - Casey Cizikas wins face-off versus Brock Nelson in neutral zone.
0:33 of 2nd period - Valeri Nichushkin is hit by Marcus Johansson and loses puck.
0:40 of 2nd period - Snap shot by Marcus Johansson.
0:40 of 2nd period - Stopped by Logan Thompson without a rebound.
0:41 of 2nd period - Brandon Duhaime wins face-off versus Jonathan Marchessault in Minnesota North Stars zone.
0:46 of 2nd period - Wrist shot by Brandon Duhaime.
0:46 of 2nd period - Shot Misses the Net.
0:54 of 2nd period - Slapshot by Evgeni Malkin.
0:54 of 2nd period - Shot Blocked by Joshua Brown.
0:56 of 2nd period - Snap shot by Jonathan Marchessault.
0:56 of 2nd period - Shot Misses the Net.
0:58 of 2nd period - Slapshot by Gustav Forsling.
0:58 of 2nd period - Stopped by Jake Allen without a rebound.
0:59 of 2nd period - William Karlsson wins face-off versus Jack McBain in Philadelphia Flyers zone.
1:04 of 2nd period - Snap shot by Valeri Nichushkin.
1:04 of 2nd period - Shot Hit the Post.
2:10 of 2nd period - Wrist shot by William Karlsson.
2:10 of 2nd period - Stopped by Jake Allen with a rebound.
2:17 of 2nd period - Off-side.
2:18 of 2nd period - Brock Nelson wins face-off versus Casey Cizikas in neutral zone.
2:23 of 2nd period - Slapshot by Erik Cernak.
2:23 of 2nd period - Deflect By Casey Cizikas.
2:23 of 2nd period - Stopped by Jake Allen without a rebound.
2:24 of 2nd period - Brock Nelson wins face-off versus Jeff Skinner in Philadelphia Flyers zone.
2:44 of 2nd period - Erik Cernak is hit by Cody Glass and loses puck.
2:51 of 2nd period - Snap shot by Casey Cizikas.
2:51 of 2nd period - Shot Misses the Net.
3:01 of 2nd period - Snap shot by Brock Nelson.
3:01 of 2nd period - Stopped by Jake Allen with a rebound.
3:03 of 2nd period - Snap shot by Alexander Kerfoot.
3:03 of 2nd period - Shot Misses the Net.
3:05 of 2nd period - Slapshot by Brock Nelson.
3:05 of 2nd period - Shot Misses the Net.
4:40 of 2nd period - Wrist shot by Erik Cernak.
4:40 of 2nd period - Deflect By Brock Nelson.
4:40 of 2nd period - Shot Misses the Net.
4:40 of 2nd period - Puck is out of play.
4:41 of 2nd period - Radek Faksa wins face-off versus Evgeni Malkin in Philadelphia Flyers zone.
4:54 of 2nd period - Snap shot by Brandon Duhaime.
4:54 of 2nd period - Stopped by Logan Thompson without a rebound.
4:55 of 2nd period - Chase De Leo wins face-off versus Evgeni Malkin in Minnesota North Stars zone.
5:12 of 2nd period - Snap shot by Jack Hughes.
5:12 of 2nd period - Shot Misses the Net.
5:22 of 2nd period - Neal Pionk is hit by Radek Faksa and loses puck.
5:31 of 2nd period - Slapshot by Brandon Duhaime.
5:31 of 2nd period - Stopped by Logan Thompson with a rebound.
5:33 of 2nd period - Slapshot by Vladislav Gavrikov.
5:33 of 2nd period - Stopped by Logan Thompson without a rebound.
5:34 of 2nd period - Evgeni Malkin wins face-off versus Jack McBain in Minnesota North Stars zone.
5:57 of 2nd period - Minor Penalty to Juuso Parssinen for Tripping.
5:58 of 2nd period - Evgeni Malkin wins face-off versus Jack McBain in Philadelphia Flyers zone.
6:01 of 2nd period - Snap shot by Valeri Nichushkin.
6:01 of 2nd period - Shot Blocked by William Borgen.
6:25 of 2nd period - Casey Cizikas is hit by Rasmus Dahlin and loses puck.
7:47 of 2nd period - Icing by Gustav Forsling.
7:48 of 2nd period - Ryan Nugent-Hopkins wins face-off versus Fredrik Olofsson in Minnesota North Stars zone.
7:57 of 2nd period - Penalty to Juuso Parssinen is over, Juuso Parssinen is back on ice.
8:25 of 2nd period - Slapshot by Ryan Nugent-Hopkins.
8:25 of 2nd period - Shot Misses the Net.
8:27 of 2nd period - Slapshot by Neal Pionk.
8:27 of 2nd period - Deflect By Ryan Nugent-Hopkins.
8:27 of 2nd period - Shot Misses the Net.
8:27 of 2nd period - Puck is out of play.
8:28 of 2nd period - Chase De Leo wins face-off versus Brock Nelson in Philadelphia Flyers zone.
8:35 of 2nd period - Wrist shot by Brett Murray.
8:35 of 2nd period - Shot Blocked by Rasmus Dahlin.
8:37 of 2nd period - Snap shot by Chase De Leo.
8:37 of 2nd period - Stopped by Logan Thompson with a rebound.
8:39 of 2nd period - Snap shot by Brett Murray.
8:39 of 2nd period - Shot Blocked by Rasmus Dahlin.
8:41 of 2nd period - Snap shot by Brett Murray.
8:41 of 2nd period - Shot Blocked by Neal Pionk.
8:43 of 2nd period - Slapshot by Joshua Brown.
8:43 of 2nd period - Stopped by Logan Thompson with a rebound.
8:59 of 2nd period - Off-side.
9:00 of 2nd period - Jack McBain wins face-off versus Evgeni Malkin in neutral zone.
9:09 of 2nd period - Snap shot by Marcus Johansson.
9:09 of 2nd period - Stopped by Logan Thompson without a rebound.
9:10 of 2nd period - Evgeni Malkin wins face-off versus Radek Faksa in Minnesota North Stars zone.
9:14 of 2nd period - Off-side.
9:15 of 2nd period - Radek Faksa wins face-off versus William Karlsson in neutral zone.
9:20 of 2nd period - Snap shot by Radek Faksa.
9:20 of 2nd period - Stopped by Logan Thompson with a rebound.
9:33 of 2nd period - Minor Penalty to Neal Pionk for Hooking.
9:34 of 2nd period - Juuso Parssinen wins face-off versus William Karlsson in Minnesota North Stars zone.
10:29 of 2nd period - Snap shot by Jack McBain.
10:29 of 2nd period - Shot Misses the Net.
10:31 of 2nd period - Slapshot by Vladislav Gavrikov.
10:31 of 2nd period - Deflect By Juuso Parssinen.
10:31 of 2nd period - Shot Misses the Net.
10:31 of 2nd period - Puck is out of play.
10:32 of 2nd period - William Karlsson wins face-off versus Casey Cizikas in Minnesota North Stars zone.
10:37 of 2nd period - Snap shot by Lawson Crouse.
10:37 of 2nd period - Stopped by Jake Allen with a rebound.
11:30 of 2nd period - Ryan Nugent-Hopkins is hit by Luke Glendening and loses puck.
11:33 of 2nd period - Penalty to Neal Pionk is over, Neal Pionk is back on ice.
11:41 of 2nd period - Snap shot by Fredrik Olofsson.
11:41 of 2nd period - Shot Misses the Net.
12:02 of 2nd period - Snap shot by Neal Pionk.
12:02 of 2nd period - Stopped by Jake Allen without a rebound.
12:03 of 2nd period - Chase De Leo wins face-off versus William Karlsson in Philadelphia Flyers zone.
12:23 of 2nd period - Icing by William Karlsson.
12:24 of 2nd period - Radek Faksa wins face-off versus Frank Vatrano in Minnesota North Stars zone.
12:25 of 2nd period - Wrist shot by Brandon Duhaime.
12:25 of 2nd period - Deflect By Marcus Johansson.
12:25 of 2nd period - Stopped by Logan Thompson with a rebound.
12:32 of 2nd period - Icing by William Karlsson.
12:33 of 2nd period - Frank Vatrano wins face-off versus Jack McBain in Minnesota North Stars zone.
12:42 of 2nd period - Wrist shot by Valeri Nichushkin.
12:42 of 2nd period - Shot Blocked by Marcus Johansson.
12:44 of 2nd period - Slapshot by Neal Pionk.
12:44 of 2nd period - Shot Blocked by William Borgen.
12:46 of 2nd period - Snap shot by Frank Vatrano.
12:46 of 2nd period - Shot Misses the Net.
12:48 of 2nd period - Slapshot by Valeri Nichushkin.
12:48 of 2nd period - Stopped by Jake Allen with a rebound.
12:50 of 2nd period - Snap shot by Valeri Nichushkin.
12:50 of 2nd period - Shot Blocked by Juuso Parssinen.
13:00 of 2nd period - Snap shot by Valeri Nichushkin.
13:00 of 2nd period - Stopped by Jake Allen with a rebound.
13:02 of 2nd period - Snap shot by Frank Vatrano.
13:02 of 2nd period - Shot Misses the Net.
13:04 of 2nd period - Slapshot by Valeri Nichushkin.
13:04 of 2nd period - Stopped by Jake Allen with a rebound.
13:06 of 2nd period - Snap shot by William Karlsson.
13:06 of 2nd period - Stopped by Jake Allen with a rebound.
13:08 of 2nd period - Wrist shot by Valeri Nichushkin.
13:08 of 2nd period - Stopped by Jake Allen without a rebound.
13:09 of 2nd period - Evgeni Malkin wins face-off versus Radek Faksa in Philadelphia Flyers zone.
13:12 of 2nd period - Snap shot by Jack Hughes.
13:12 of 2nd period - Stopped by Jake Allen without a rebound.
13:13 of 2nd period - Evgeni Malkin wins face-off versus Radek Faksa in Philadelphia Flyers zone.
13:40 of 2nd period - Snap shot by Chase De Leo.
13:40 of 2nd period - Shot Blocked by Dylan DeMelo.
14:27 of 2nd period - Snap shot by Brock Nelson.
14:27 of 2nd period - Shot Misses the Net.
14:41 of 2nd period - Wrist shot by Brandon Duhaime.
14:41 of 2nd period - Stopped by Logan Thompson with a rebound.
16:13 of 2nd period - Erik Cernak is hit by Radek Faksa and loses puck.
16:36 of 2nd period - Slapshot by Brock Nelson.
16:36 of 2nd period - Stopped by Jake Allen with a rebound.
16:38 of 2nd period - Wrist shot by Brock Nelson.
16:38 of 2nd period - Stopped by Jake Allen without a rebound.
16:39 of 2nd period - Evan Rodrigues wins face-off versus Radek Faksa in Philadelphia Flyers zone.
17:15 of 2nd period - Slapshot by Jack Hughes.
17:15 of 2nd period - Goal by Jack Hughes - Minnesota North Stars : 1 - Philadelphia Flyers : 1.
17:16 of 2nd period - Radek Faksa wins face-off versus Evgeni Malkin in neutral zone.
17:23 of 2nd period - Wrist shot by Brandon Duhaime.
17:23 of 2nd period - Deflect By Radek Faksa.
17:23 of 2nd period - Goal by Radek Faksa - Minnesota North Stars : 1 - Philadelphia Flyers : 2.
17:24 of 2nd period - Evgeni Malkin wins face-off versus Brett Murray in neutral zone.
17:27 of 2nd period - Fredrik Olofsson is hit by Jonathan Marchessault and loses puck.
17:42 of 2nd period - Rasmus Dahlin is hit by William Borgen and loses puck.
17:53 of 2nd period - Double Minor Penalty to Brett Murray for High sticking.
17:54 of 2nd period - Evgeni Malkin wins face-off versus Jack McBain in Philadelphia Flyers zone.
17:59 of 2nd period - Wrist shot by Valeri Nichushkin.
17:59 of 2nd period - Shot Blocked by Joshua Brown.
18:07 of 2nd period - Wrist shot by Evgeni Malkin.
18:07 of 2nd period - Deflect By Frank Vatrano.
18:07 of 2nd period - Shot Misses the Net.
18:07 of 2nd period - Puck is out of play.
18:08 of 2nd period - Casey Cizikas wins face-off versus Ryan Nugent-Hopkins in Philadelphia Flyers zone.
18:41 of 2nd period - Icing by Evgeni Malkin.
18:42 of 2nd period - Evgeni Malkin wins face-off versus Casey Cizikas in Minnesota North Stars zone.
18:49 of 2nd period - Slapshot by Valeri Nichushkin.
18:49 of 2nd period - Shot Misses the Net.
18:51 of 2nd period - Slapshot by Jonas Brodin.
18:51 of 2nd period - Shot Blocked by Casey Cizikas.
18:59 of 2nd period - Snap shot by Evgeni Malkin.
18:59 of 2nd period - Stopped by Jake Allen with a rebound.
19:01 of 2nd period - Slapshot by Gustav Forsling.
19:01 of 2nd period - Deflect By Casey Cizikas.
19:01 of 2nd period - Stopped by Jake Allen with a rebound.
19:15 of 2nd period - Wrist shot by Valeri Nichushkin.
19:15 of 2nd period - Shot Misses the Net.
19:17 of 2nd period - Snap shot by Valeri Nichushkin.
19:17 of 2nd period - Goal by Valeri Nichushkin - Minnesota North Stars : 2 - Philadelphia Flyers : 2.
19:18 of 2nd period - Jack McBain wins face-off versus Ryan Nugent-Hopkins in neutral zone.
19:21 of 2nd period - Slapshot by Vladislav Gavrikov.
19:21 of 2nd period - Shot Blocked by Neal Pionk.
19:29 of 2nd period - Luke Glendening is hit by Jonathan Marchessault and loses puck.
19:44 of 2nd period - Jonathan Marchessault is hit by Casey Cizikas and loses puck.
19:55 of 2nd period - Radek Faksa is hit by Jonathan Marchessault and loses puck.
Goals for this period are 2 for Minnesota North Stars vs 2 for Philadelphia Flyers.
Shots for this period are 18 for Minnesota North Stars vs 12 for Philadelphia Flyers.
3rd period
0:01 of 3rd period - Jack McBain wins face-off versus Evgeni Malkin in neutral zone.
0:06 of 3rd period - Slapshot by Trevor van Riemsdyk.
0:06 of 3rd period - Shot Blocked by Frank Vatrano.
0:08 of 3rd period - Slapshot by Joshua Brown.
0:08 of 3rd period - Stopped by Logan Thompson without a rebound.
0:09 of 3rd period - Evgeni Malkin wins face-off versus Jack McBain in Minnesota North Stars zone.
0:14 of 3rd period - Jack McBain is hit by Evgeni Malkin and loses puck.
1:17 of 3rd period - Penalty to Brett Murray is over, Brett Murray is back on ice.
1:43 of 3rd period - Snap shot by Valeri Nichushkin.
1:43 of 3rd period - Shot Misses the Net.
2:09 of 3rd period - Snap shot by Casey Cizikas.
2:09 of 3rd period - Stopped by Logan Thompson without a rebound.
2:10 of 3rd period - Jack McBain wins face-off versus Brock Nelson in Minnesota North Stars zone.
2:11 of 3rd period - Snap shot by Marcus Johansson.
2:11 of 3rd period - Stopped by Logan Thompson with a rebound.
2:13 of 3rd period - Wrist shot by Jack McBain.
2:13 of 3rd period - Stopped by Logan Thompson without a rebound.
2:14 of 3rd period - Brock Nelson wins face-off versus Jack McBain in Minnesota North Stars zone.
2:27 of 3rd period - Slapshot by Joel Edmundson.
2:27 of 3rd period - Shot Misses the Net.
2:29 of 3rd period - Slapshot by Jack McBain.
2:29 of 3rd period - Shot Misses the Net.
2:47 of 3rd period - Snap shot by Lawson Crouse.
2:47 of 3rd period - Deflect By Ivan Barbashev.
2:47 of 3rd period - Stopped by Jake Allen with a rebound.
2:49 of 3rd period - Slapshot by Dylan DeMelo.
2:49 of 3rd period - Deflect By Brett Murray.
2:49 of 3rd period - Stopped by Jake Allen without a rebound.
2:50 of 3rd period - Brock Nelson wins face-off versus Jack McBain in Philadelphia Flyers zone.
3:03 of 3rd period - Alexander Kerfoot is hit by Juuso Parssinen.
3:15 of 3rd period - Backhand shot by Jeff Skinner.
3:15 of 3rd period - Shot Misses the Net.
3:17 of 3rd period - Wrist shot by Jeff Skinner.
3:17 of 3rd period - Stopped by Logan Thompson without a rebound.
3:18 of 3rd period - Evan Rodrigues wins face-off versus Casey Cizikas in Minnesota North Stars zone.
3:47 of 3rd period - Wrist shot by Luke Glendening.
3:47 of 3rd period - Stopped by Logan Thompson with a rebound.
4:28 of 3rd period - Wrist shot by Jack McBain.
4:28 of 3rd period - Stopped by Logan Thompson with a rebound.
5:24 of 3rd period - Lawson Crouse is hit by Juuso Parssinen.
5:25 of 3rd period - Icing by Lawson Crouse.
5:26 of 3rd period - Jack McBain wins face-off versus Evan Rodrigues in Minnesota North Stars zone.
5:29 of 3rd period - Snap shot by Marcus Johansson.
5:29 of 3rd period - Stopped by Logan Thompson with a rebound.
5:31 of 3rd period - Slapshot by Vladislav Gavrikov.
5:31 of 3rd period - Shot Blocked by Neal Pionk.
6:14 of 3rd period - Icing by Dylan DeMelo.
6:15 of 3rd period - Evgeni Malkin wins face-off versus Radek Faksa in Minnesota North Stars zone.
6:30 of 3rd period - Wrist shot by Jack Hughes.
6:30 of 3rd period - Stopped by Jake Allen with a rebound.
6:52 of 3rd period - Snap shot by Brandon Duhaime.
6:52 of 3rd period - Deflect By Radek Faksa.
6:52 of 3rd period - Shot Misses the Net.
6:52 of 3rd period - Puck is out of play.
6:53 of 3rd period - William Karlsson wins face-off versus Chase De Leo in Minnesota North Stars zone.
7:06 of 3rd period - Wrist shot by Chase De Leo.
7:06 of 3rd period - Goal by Chase De Leo - Minnesota North Stars : 2 - Philadelphia Flyers : 3.
7:07 of 3rd period - William Karlsson wins face-off versus Radek Faksa in neutral zone.
7:34 of 3rd period - Vladislav Gavrikov is hit by Erik Cernak and loses puck.
8:40 of 3rd period - Wrist shot by Brandon Duhaime.
8:40 of 3rd period - Shot Misses the Net.
8:42 of 3rd period - Snap shot by Radek Faksa.
8:42 of 3rd period - Shot Misses the Net.
8:44 of 3rd period - Slapshot by Joel Edmundson.
8:44 of 3rd period - Deflect By Radek Faksa.
8:44 of 3rd period - Stopped by Logan Thompson with a rebound.
8:46 of 3rd period - Wrist shot by Brandon Duhaime.
8:46 of 3rd period - Shot Misses the Net.
8:56 of 3rd period - Wrist shot by Jack Hughes.
8:56 of 3rd period - Shot Misses the Net.
8:58 of 3rd period - Slapshot by Rasmus Dahlin.
8:58 of 3rd period - Stopped by Jake Allen with a rebound.
9:00 of 3rd period - Wrist shot by Jonathan Marchessault.
9:00 of 3rd period - Stopped by Jake Allen with a rebound.
9:02 of 3rd period - Snap shot by Jonathan Marchessault.
9:02 of 3rd period - Shot Misses the Net.
9:04 of 3rd period - Backhand shot by Rasmus Dahlin.
9:04 of 3rd period - Stopped by Jake Allen with a rebound.
9:06 of 3rd period - Backhand shot by Rasmus Dahlin.
9:06 of 3rd period - Stopped by Jake Allen with a rebound.
9:08 of 3rd period - Snap shot by Neal Pionk.
9:08 of 3rd period - Deflect By Jack Hughes.
9:08 of 3rd period - Stopped by Jake Allen without a rebound.
9:09 of 3rd period - Brock Nelson wins face-off versus Casey Cizikas in Philadelphia Flyers zone.
10:00 of 3rd period - Evan Rodrigues is hit by Chase De Leo and loses puck.
10:19 of 3rd period - Wrist shot by Jack McBain.
10:19 of 3rd period - Stopped by Logan Thompson with a rebound.
10:41 of 3rd period - Zac Jones is hit by Evgeni Malkin and loses puck.
10:52 of 3rd period - Slapshot by Valeri Nichushkin.
10:52 of 3rd period - Stopped by Jake Allen with a rebound.
11:14 of 3rd period - Slapshot by Chase De Leo.
11:14 of 3rd period - Deflect By Fredrik Olofsson.
11:14 of 3rd period - Stopped by Logan Thompson with a rebound.
11:16 of 3rd period - Slapshot by Brett Murray.
11:16 of 3rd period - Stopped by Logan Thompson without a rebound.
11:17 of 3rd period - Evan Rodrigues wins face-off versus Chase De Leo in Minnesota North Stars zone.
11:17 of 3rd period - Evan Rodrigues is hit by Chase De Leo.
11:37 of 3rd period - Wrist shot by Ivan Barbashev.
11:37 of 3rd period - Shot Blocked by Vladislav Gavrikov.
11:57 of 3rd period - Brett Murray is hit by Ivan Barbashev.
12:05 of 3rd period - Slapshot by Trevor van Riemsdyk.
12:05 of 3rd period - Shot Misses the Net.
12:07 of 3rd period - Snap shot by Brett Murray.
12:07 of 3rd period - Stopped by Logan Thompson with a rebound.
12:09 of 3rd period - Wrist shot by Trevor van Riemsdyk.
12:09 of 3rd period - Shot Misses the Net.
12:11 of 3rd period - Wrist shot by Chase De Leo.
12:11 of 3rd period - Stopped by Logan Thompson without a rebound.
12:12 of 3rd period - Brock Nelson wins face-off versus Radek Faksa in Minnesota North Stars zone.
12:19 of 3rd period - Snap shot by Ryan Nugent-Hopkins.
12:19 of 3rd period - Shot Blocked by William Borgen.
12:29 of 3rd period - Wrist shot by Ryan Nugent-Hopkins.
12:29 of 3rd period - Shot Blocked by Joel Edmundson.
12:51 of 3rd period - Snap shot by Valeri Nichushkin.
12:51 of 3rd period - Shot Misses the Net.
13:05 of 3rd period - Backhand shot by Evgeni Malkin.
13:05 of 3rd period - Shot Misses the Net.
13:07 of 3rd period - Snap shot by Evgeni Malkin.
13:07 of 3rd period - Goal by Evgeni Malkin - Minnesota North Stars : 3 - Philadelphia Flyers : 3.
13:08 of 3rd period - William Karlsson wins face-off versus Radek Faksa in neutral zone.
13:37 of 3rd period - Wrist shot by Jeff Skinner.
13:37 of 3rd period - Shot Blocked by Valeri Nichushkin.
13:39 of 3rd period - Snap shot by Casey Cizikas.
13:39 of 3rd period - Shot Misses the Net.
13:41 of 3rd period - Snap shot by Joel Edmundson.
13:41 of 3rd period - Stopped by Logan Thompson without a rebound.
13:42 of 3rd period - Jack McBain wins face-off versus Evgeni Malkin in Minnesota North Stars zone.
13:57 of 3rd period - Wrist shot by Marcus Johansson.
13:57 of 3rd period - Stopped by Logan Thompson without a rebound.
13:58 of 3rd period - Radek Faksa wins face-off versus Brock Nelson in Minnesota North Stars zone.
13:59 of 3rd period - Snap shot by Brandon Duhaime.
13:59 of 3rd period - Stopped by Logan Thompson without a rebound.
14:00 of 3rd period - Radek Faksa wins face-off versus Alexander Kerfoot in Minnesota North Stars zone.
14:52 of 3rd period - Snap shot by Cody Glass.
14:52 of 3rd period - Stopped by Logan Thompson with a rebound.
15:16 of 3rd period - Snap shot by Jack McBain.
15:16 of 3rd period - Stopped by Logan Thompson with a rebound.
15:23 of 3rd period - Snap shot by Evgeni Malkin.
15:23 of 3rd period - Stopped by Jake Allen without a rebound.
15:24 of 3rd period - Brock Nelson wins face-off versus Chase De Leo in Philadelphia Flyers zone.
15:49 of 3rd period - Zac Jones is hit by Valeri Nichushkin and loses puck.
15:54 of 3rd period - Wrist shot by Valeri Nichushkin.
15:54 of 3rd period - Stopped by Jake Allen with a rebound.
16:42 of 3rd period - Icing by Joshua Brown.
16:43 of 3rd period - Radek Faksa wins face-off versus Brock Nelson in Philadelphia Flyers zone.
16:56 of 3rd period - Snap shot by Ryan Nugent-Hopkins.
16:56 of 3rd period - Shot Misses the Net.
17:14 of 3rd period - Slapshot by Chase De Leo.
17:14 of 3rd period - Stopped by Logan Thompson with a rebound.
17:16 of 3rd period - Slapshot by Zac Jones.
17:16 of 3rd period - Deflect By Fredrik Olofsson.
17:16 of 3rd period - Stopped by Logan Thompson with a rebound.
17:18 of 3rd period - Slapshot by Joshua Brown.
17:18 of 3rd period - Stopped by Logan Thompson without a rebound.
17:19 of 3rd period - Chase De Leo wins face-off versus Evan Rodrigues in Minnesota North Stars zone.
17:26 of 3rd period - Slapshot by Neal Pionk.
17:26 of 3rd period - Shot Blocked by Trevor van Riemsdyk.
17:37 of 3rd period - Minor Penalty to Brett Murray for Cross-checking.
17:38 of 3rd period - Casey Cizikas wins face-off versus Ryan Nugent-Hopkins in Philadelphia Flyers zone.
18:04 of 3rd period - Jonas Brodin is hit by Radek Faksa and loses puck.
18:45 of 3rd period - Joshua Brown is hit by Neal Pionk.
19:00 of 3rd period - Icing by Jonathan Marchessault.
19:01 of 3rd period - Ryan Nugent-Hopkins wins face-off versus Jack McBain in Minnesota North Stars zone.
19:37 of 3rd period - Penalty to Brett Murray is over, Brett Murray is back on ice.
Goals for this period are 1 for Minnesota North Stars vs 1 for Philadelphia Flyers.
Shots for this period are 12 for Minnesota North Stars vs 23 for Philadelphia Flyers.
Overtime #1
0:01 of 1st overtime period - William Karlsson wins face-off versus Jeff Skinner in neutral zone.
0:12 of 1st overtime period - Wrist shot by William Karlsson.
0:12 of 1st overtime period - Shot Misses the Net.
0:28 of 1st overtime period - Wrist shot by William Borgen.
0:28 of 1st overtime period - Stopped by Logan Thompson with a rebound.
0:46 of 1st overtime period - Trevor van Riemsdyk is hit by Valeri Nichushkin and loses puck.
2:01 of 1st overtime period - Neal Pionk is hit by Cody Glass and loses puck.
2:47 of 1st overtime period - Jack Hughes is hit by William Borgen and loses puck.
3:20 of 1st overtime period - Dylan DeMelo is hit by Joel Edmundson and loses puck.
3:45 of 1st overtime period - Slapshot by Fredrik Olofsson.
3:45 of 1st overtime period - Stopped by Logan Thompson with a rebound.
3:47 of 1st overtime period - Wrist shot by Fredrik Olofsson.
3:47 of 1st overtime period - Shot Misses the Net.
3:55 of 1st overtime period - Icing by Ryan Nugent-Hopkins.
3:56 of 1st overtime period - Jack McBain wins face-off versus Brock Nelson in Minnesota North Stars zone.
4:02 of 1st overtime period - Icing by Dylan DeMelo.
4:03 of 1st overtime period - Jack McBain wins face-off versus Brock Nelson in Minnesota North Stars zone.
4:12 of 1st overtime period - Snap shot by Brock Nelson.
4:12 of 1st overtime period - Stopped by Jake Allen without a rebound.
4:13 of 1st overtime period - Jeff Skinner wins face-off versus William Karlsson in Philadelphia Flyers zone.
4:47 of 1st overtime period - Snap shot by Jack Hughes.
4:47 of 1st overtime period - Shot Hit the Post.
Goals for this period are 0 for Minnesota North Stars vs 0 for Philadelphia Flyers.
Shots for this period are 1 for Minnesota North Stars vs 2 for Philadelphia Flyers.
ShootOut
5:00 of 1st overtime period - Round #1.
5:00 of 1st overtime period - Minnesota North Stars, Valeri Nichushkin.
5:00 of 1st overtime period - Wrist shot by Valeri Nichushkin.
5:00 of 1st overtime period - Stopped by Jake Allen.
5:00 of 1st overtime period - Philadelphia Flyers, Casey Cizikas.
5:00 of 1st overtime period - Deke by Casey Cizikas.
5:00 of 1st overtime period - Shot Misses the Net.
5:00 of 1st overtime period - Round #2.
5:00 of 1st overtime period - Minnesota North Stars, William Karlsson.
5:00 of 1st overtime period - Wrist shot by William Karlsson.
5:00 of 1st overtime period - Goal by William Karlsson.
5:00 of 1st overtime period - Philadelphia Flyers, Cody Glass.
5:00 of 1st overtime period - Wrist shot by Cody Glass.
5:00 of 1st overtime period - Stopped by Logan Thompson.
5:00 of 1st overtime period - Round #3.
5:00 of 1st overtime period - Minnesota North Stars, Evgeni Malkin.
5:00 of 1st overtime period - Snap shot by Evgeni Malkin.
5:00 of 1st overtime period - Stopped by Jake Allen.
5:00 of 1st overtime period - Philadelphia Flyers, Jeff Skinner.
5:00 of 1st overtime period - Snap shot by Jeff Skinner.
5:00 of 1st overtime period - Stopped by Logan Thompson.
Back to the Top